 Dungeon Crawl Stone Soup version 0.14-a0-77-g9a1e883 (webtiles) character file.

116 Jeerok the Poker (level 4, -8/39 HPs)
             Began as a Naga Skald on Oct 1, 2013.
             Mangled by a gnoll
             ... wielding a +0,+0 flail
              (11 damage)
             ... on Level 2 of the Dungeon.
             The game lasted 00:04:29 (2476 turns).

Jeerok the Poker (Naga Skald)                       Turns: 2476, Time: 00:04:30

HP  -8/39        AC  2     Str 14      XL: 4   Next:  2%
MP   9/17        EV  9     Int 14      God:
Gold 58          SH  0     Dex 10      Spells:  1 memorised,  6 levels left

Res.Fire  : . . .   See Invis. : +   a - +0 spear
Res.Cold  : . . .   Warding    : .   b - +0 leather armour
Life Prot.: . . .   Conserve   : .   (no shield)
Res.Poison: +       Res.Corr.  : .   (no helmet)
Res.Elec. : .       Clarity    : .   (no cloak)
Sust.Abil.: . .     Spirit.Shd : .   (no gloves)
Res.Mut.  : .       Stasis     : .   (no barding)
Res.Rott. : .       Flight     : .   (no amulet)
Saprovore : . . .                    (no ring)
                                     h - ring of magical power

@: short of breath, very slow, slightly resistant to hostile enchantments, very
unstealthy
A: spit poison, see invisible, deformed body, poison resistance, slowness 2, AC
+1
a: Spit Poison


You were on level 2 of the Dungeon.
You were not hungry.

You visited 1 branch of the dungeon, and saw 2 of its levels.

You collected 38 gold pieces.

Inventory:

Hand weapons
 a - a +0,+0 spear (weapon)
Armour
 b - a +0 leather armour (worn)
Comestibles
 d - 3 bread rations
 i - a royal jelly
 j - an apple
Scrolls
 e - 2 scrolls of curse jewellery {unknown}
 f - 4 scrolls of enchant weapon I {unknown}
 g - a scroll of curse weapon {unknown}
 k - a scroll of teleportation {unknown}
 m - 3 scrolls of fog {unknown}
 o - a scroll of fear {unknown}
 p - 2 scrolls of identify {unknown}
 q - a scroll of remove curse {unknown}
 r - a scroll of magic mapping {unknown}
Jewellery
 h - a ring of magical power (left hand)
Potions
 l - a potion of speed {unknown}
 n - 2 potions of curing {unknown}
 s - a potion of degeneration {unknown}
Books
 c - a book of Battle

   Spells                             Type                      Level
   *Infusion                          Charms                       1
   Shroud of Golubria                 Charms/Translocation         2
   Song of Slaying                    Charms                       2
   Spectral Weapon                    Hexes/Charms                 3
   Regeneration                       Charms/Necromancy            3
   Song of Shielding                  Charms                       4


   Skills:
 - Level 2.2 Fighting
 + Level 3.4 Polearms
 - Level 1.0 Armour
 - Level 0.8 Dodging
 - Level 2.1 Spellcasting
 - Level 3.3 Charms


You had 6 spell levels left.
You knew the following spells:

 Your Spells              Type           Power        Failure   Level  Hunger
a - Infusion              Chrm           ##....       10%         1    ##.....


Dungeon Overview and Level Annotations

Branches:
Dungeon (2/27)

Altars:


Innate Abilities, Weirdness & Mutations

You cannot wear boots.
You can spit poison.
Your serpentine skin is tough (AC +1).
You have supernaturally acute eyesight.
Armour fits poorly on your strangely shaped body.
Your system is resistant to poisons.
You cover ground very slowly.


Message History

Aim: a gnoll, wielding a flail You reach to attack!
You hit the gnoll.
The gnoll is moderately wounded.
You hit the gnoll.
The gnoll is heavily wounded.
The gnoll barely misses you.
You completely miss the gnoll.
The gnoll is heavily wounded.
The gnoll barely misses you.
You hit the gnoll.
The gnoll is severely wounded.
The gnoll hits you with a flail!
* * * LOW HITPOINT WARNING * * *
You are too injured to fight recklessly!
Use which ability? (? or * to list)
Press: ? - help, Shift-Dir - straight line, f/p - gnoll
Aim: a gnoll, wielding a flail (heavily wounded)
The splash of poison misses the gnoll.
You feel slightly more hungry. The gnoll hits you with a flail!
You die...

....#####.....+...# #.
.##.........)...##...###.
#....#.#####.....##.......
#....# .#.....###.#....
#....# .#.#######.#...#
#>...# .#.............+
#....# .#.###.........#
#....#####.#..##...###...#
#........@.#..##...# #...#
#....#####g#..###.####....
#....#.. )#..###.........
#....#.# .#..#..########.
#.##.#.# .#..#..########.
#.##.#.# .#..#.........#.
##.##.#.#####.###.######.#.
#...#.#...........# #.
#...#.#.#####.##### #.


You could see a gnoll.

Vanquished Creatures
  2 gnolls (D:2)
  3 giant geckos (D:2)
  5 bats
  A giant cockroach (D:1)
  9 hobgoblins
  5 kobolds
  A quokka (D:2)
  A giant newt (D:2)
  4 goblins
  3 jackals (D:1)
  4 rats (D:2)
38 creatures vanquished.

Notes
Turn   | Place    | Note
--------------------------------------------------------------
     0 | D:1      | Jeerok, the Naga Skald, began the quest for the Orb.
     0 | D:1      | Reached XP level 1. HP: 18/18 MP: 3/3
   249 | D:1      | Reached XP level 2. HP: 16/25 MP: 5/5
  1289 | D:2      | Reached skill level 1 in Armour
  1591 | D:2      | Reached XP level 3. HP: 23/31 MP: 6/6
  2471 | D:2      | Reached XP level 4. HP: 17/39 MP: 8/8
  2476 | D:2      | Mangled by a gnoll

Action                   |  1- 3 |  4- 6 || total
-------------------------+-------+-------++-------
Melee: Spear             |   128 |     4 ||   132
 Cast: Infusion          |     8 |       ||     8
 Abil: Spit Poison       |    13 |     1 ||    14
